 Dungeon Crawl Stone Soup version 0.23.2-33-g5129a83184 (webtiles) character file.

Game seed: 3262075480266389350

52 mikogus the Poker (level 3, 0/28 HPs)
             Began as a Merfolk Skald on July 18, 2019.
             Slain by an adder (5 damage)
             ... on level 2 of the Dungeon on July 21, 2019.
             The game lasted 00:08:06 (1721 turns).

mikogus the Poker (Merfolk Skald)                   Turns: 1721, Time: 00:08:07

Health: 0/28       AC:  3    Str: 11    XL:     3   Next: 85%
Magic:  6/6        EV: 12    Int: 18    God:
Gold:   115        SH:  0    Dex: 13    Spells: 3/6 levels left

rFire    . . .     SeeInvis .   a - +0 spear
rCold    . . .     Gourm    .   (no shield)
rNeg     . . .     Faith    .   b - +0 leather armour
rPois    .         Spirit   .   (no helmet)
rElec    .         Reflect  .   (no cloak)
rCorr    .         Harm     .   (no gloves)
MR       .....                  (no boots)
Stlth    +.........             (no amulet)
HPRegen  0.09/turn              (no ring)
MPRegen  0.10/turn              (no ring)

@: brilliant, lethally poisoned (0 -> -3), hasted, very quick
A: change form in water, swift swim, stealthy swim
a: no special abilities


You were on level 2 of the Dungeon.
You were not hungry.

You visited 1 branch of the dungeon, and saw 2 of its levels.

You collected 115 gold pieces.

Inventory:

Hand Weapons
 a - a +0 spear (weapon)
Armour
 b - a +0 leather armour (worn)
Scrolls
 c - 3 scrolls of identify {unknown}
 f - 2 scrolls of enchant weapon {unknown}
 g - 7 scrolls of teleportation {unknown}
 h - a scroll of amnesia {unknown}
 j - 2 scrolls of fear {unknown}
Potions
 e - 3 potions of brilliance
 i - a potion of haste
 k - 2 potions of flight {unknown}
 l - a potion of lignification {unknown}
Comestibles
 d - 3 rations


   Skills:
 + Level 2.5 Fighting
 + Level 4.0 Polearms
 + Level 1.0 Armour
 + Level 3.1 Dodging
 + Level 0.2 Stealth
 + Level 2.1 Spellcasting
 + Level 3.9 Charms


You had 3 spell levels left.
You knew the following spells:

 Your Spells              Type           Power        Failure   Level  Hunger
a - Infusion              Chrm           ####         1%          1    #......
b - Shroud of Golubria    Chrm/Tloc      ###.......   1%          2    ###....

Your spell library contained the following spells:

 Spells                   Type           Power        Failure   Level  Hunger
 Song of Slaying          Chrm           ####....     1%          2    ###....
 Animate Skeleton         Necr           N/A          3%          1    #......
 Apportation              Tloc           ##....       3%          1    #......
 Confusing Touch          Hex            ##....       3%          1    #......
 Summon Small Mammal      Summ           ##..         3%          1    #......
 Regeneration             Chrm/Necr      ###.......   4%          3    ###....
 Spectral Weapon          Hex/Chrm       ###.....     4%          3    ###....


Dungeon Overview and Level Annotations

Branches:
Dungeon (2/15)

Altars:


Message History

You are no longer poisoned.
The adder closely misses you. The frilled lizard bites you.
A giant cockroach comes into view.
The adder bites you.
* * * LOW HITPOINT WARNING * * *
You are poisoned.
The adder poisons you!
You feel sick.
Casting: Infusion (safe; 7% risk of failure)
Confirm with . or Enter, or press ? or * to list all spells.
Okay, then.
It was a potion of brilliance.
You feel clever all of a sudden.
The frilled lizard bites you but does no damage.
The adder completely misses you.
Okay, then.
It was a potion of haste.
You feel yourself speed up.
You feel sick. The adder bites you.
You die...

# #.#### ############ # #....#
#..........# ######.#
#..........# .....#.#
#..........# ####.#'#######
#..........####
#<........######...........##.
##.............s...........##.
#..>).........................
#............@l....#####...#..
#............Sg....# #...#..
#..................# #...#..
##.........#####....# #...#..
#..........# #......# #...#..
#......##### #......# #...#..
#......# #......# #...#..
#......# ###...## #####..
#......# #.....######......


You could see an adder, a giant cockroach, a hobgoblin and a frilled lizard.

Vanquished Creatures
  2 dart slugs (D:1)
  3 leopard geckos (D:1)
  3 bats
  A giant cockroach (D:1)
  5 goblins
  3 hobgoblins (D:1)
  4 jackals
  A quokka (D:2)
  5 frilled lizards (D:1)
  8 kobolds (D:1)
  12 rats
47 creatures vanquished.

Notes
Turn   | Place    | Note
-------+----------+-------------------------------------------
     0 | D:1      | mikogus the Merfolk Skald began the quest for the Orb.
     0 | D:1      | Reached XP level 1. HP: 16/16 MP: 3/3
   162 | D:1      | Reached XP level 2. HP: 22/22 MP: 5/5
   501 | D:1      | Reached XP level 3. HP: 28/28 MP: 6/6
  1011 | D:2      | Learned a level 2 spell: Shroud of Golubria
  1298 | D:1      | Reached skill level 1 in Armour
  1598 | D:2      | Reached skill level 4 in Polearms
  1721 | D:2      | Slain by an adder

Skill      XL: |  1  2  3 |
---------------+----------+-----
Dodging        | 3 |  3.1
Armour         | 1 |  1.0
Polearms       | 4 |  4.0
Fighting       | |  2.5
Stealth        | |  0.2
Spellcasting   | |  2.1
Charms         | |  3.9

Action                   || total
-------------------------++-------
Melee: Spear             ||   163
 Cast: Shroud of Golubri ||     3
       Infusion          ||     2
  Use: Potion            ||     2
 Stab: Sleeping          ||     2
  Eat: Chunk             ||     3
Armor: Leather armour    ||    32
Dodge: Dodged            ||    85
